 Dungeon Crawl Stone Soup version 0.28.0-43-g3370ac3207 (webtiles) character file.

Game seed: 939309012337010540

53 jimonade the Ducker (level 3, -2/26 HPs)
             Began as a Gnoll Wanderer on Mar 13, 2022.
             Slain by an ogre
             ... wielding a +0 giant club
              (15 damage)
             ... on level 3 of the Dungeon.
             The game lasted 00:09:26 (2789 turns).

jimonade the Ducker (Gnoll Wanderer)                Turns: 2789, Time: 00:09:27

Health: -2/26      AC:  4    Str:  9    XL:     3   Next: 87%
Magic:  4/7        EV: 14    Int: 14    God:
Gold:   114        SH:  0    Dex: 12    Spells: 3/7 levels left

rFire   . . .      SeeInvis .   r - +1 dagger (drain)
rCold   . . .      Faith    .   (no shield)
rNeg    . . .      Spirit   .   b - +0 robe
rPois   .          Reflect  .   (no helmet)
rElec   .          Harm     .   c - +0 cloak
rCorr   .          Rampage  .   e - +0 pair of gloves
Will    .....                   (no boots)
Stlth   ++........              (no amulet)
HPRegen 0.08/turn               (no ring)
MPRegen 0.10/turn               (no ring)

@: no status effects
A: fangs 1, strong nose, distributed training
a: no special abilities


You were on level 3 of the Dungeon.
You visited 1 branch of the dungeon, and saw 3 of its levels.

You collected 114 gold pieces.

Inventory:

Hand Weapons
 a - a +0 dagger
 k - a +0 long sword
 r - a +1 dagger of draining (weapon)
Missiles
 h - 69 stones
 i - 7 arrows
 q - 29 bolts
 s - 16 sling bullets
Armour
 b - a +0 robe (worn)
 c - a +0 cloak (worn)
 e - a +0 pair of gloves (worn)
 m - a +0 ring mail
Scrolls
 f - a scroll of enchant weapon {unknown}
 j - 3 scrolls of identify {unknown}
 l - a scroll of teleportation {unknown}
 t - a scroll of amnesia {unknown}
Potions
 d - a potion of invisibility {unknown}
 g - a potion of might {unknown}
 n - 2 potions of curing {unknown}
 o - a potion of mutation {unknown}
 p - a potion of cancellation {unknown}


   Skills:
 + Level 1.0 Fighting
 + Level 1.0 Short Blades
 + Level 1.0 Long Blades
 + Level 1.0 Axes
 + Level 1.0 Maces & Flails
 + Level 1.0 Polearms
 + Level 1.0 Staves
 + Level 1.0 Slings
 + Level 1.0 Bows
 + Level 1.0 Crossbows
 + Level 1.0 Throwing
 + Level 1.0 Armour
 + Level 6.5 Dodging
 + Level 1.0 Stealth
 + Level 1.0 Shields
 + Level 1.0 Unarmed Combat
 + Level 2.9 Spellcasting
 + Level 0.7 Conjurations
 + Level 0.7 Hexes
 + Level 5.4 Summonings
 + Level 5.4 Necromancy
 + Level 0.7 Translocations
 + Level 0.7 Transmutations
 + Level 0.7 Fire Magic
 + Level 0.7 Ice Magic
 + Level 0.7 Air Magic
 + Level 0.7 Earth Magic
 + Level 0.7 Poison Magic
 + Level 1.0 Invocations
 + Level 1.0 Evocations


You had 3 spell levels left.
You knew the following spells:

 Your Spells              Type           Power      Damage    Failure   Level
a - Summon Small Mammal   Summ           68%        N/A       2%          1
b - Call Canine Familiar  Summ           17%        N/A       7%          3

Your spell library contained the following spells:

 Spells                   Type           Power      Damage    Failure   Level
 Animate Skeleton         Necr           34%        N/A       2%          1
 Vampiric Draining        Necr           17%        2d7       7%          3
 Summon Guardian Golem    Hex/Summ       10%        N/A       19%         3


Dungeon Overview and Level Annotations

Branches:
Dungeon (3/15)

Altars:
Dithmenos


Innate Abilities, Weirdness & Mutations

You have very sharp teeth.
Your uncanny sense of smell can sniff out nearby items.
Your experience applies equally to all skills.


Message History

You start resting.
HP restored.
You start waiting.
Done waiting.
There is a stone staircase leading down here.
You climb downwards.
There is a stone staircase leading up here.
You open the door.
There is an open door here.
As you open the door, it creaks loudly!
There is an open door here.
As you open the door, it creaks loudly!
An ogre comes into view. It is wielding a +0 giant club.
Okay, then.
The ogre shouts!
Casting: Call Canine Familiar (quite dangerous; 7% risk of failure)
Confirm with . or Enter, or press ? or * to list all spells.
The spell is quite dangerous to miscast (7% risk of failure)!
Continue anyway?
What are your orders? t - Bark!
Orders for allies: a - Attack new target. r - Retreat! s - Stop attacking. g - Guard the area. f - Follow me.
Anything else - Cancel.
Gang up on whom?
Press: ? - help, Dir - move target, f - ogre
Aim: an ogre, wielding a +0 giant club (ally target) Attack!
The ogre hits you with a +0 giant club!
Ouch! That really hurt!
Your hound bites the ogre.
You are too injured to fight recklessly!
You are too injured to fight recklessly!
You are too injured to fight recklessly!
Unknown command.
You barely miss the ogre. You bite the ogre, but do no damage.
The ogre is lightly wounded.
Your hound closely misses the ogre.
The ogre hits you with a +0 giant club!
Ouch! That really hurt!
You die...

....... .......
...####........ .......
............... ###
....... ...............
#.. .......
.............. #..
.....## ####............
####.. .....'.
................ #.....
.....#. ........hO......
#.##.# .....#
........@....... #.....
.....#
........############..#..
######
........#.............###
..............<..##......
.................##..###.
.................'.....#.
.................###.#.#.
.................'.....#.
.................###.#.#.


You could see an ogre (ally target) and a friendly hound (summoned).

Vanquished Creatures
  2 dart slugs
  An orc (D:3)
  A ball python (D:2)
  2 goblins
  2 hobgoblins (D:1)
  2 quokkas
  3 bats
13 creatures vanquished.

Vanquished Creatures (collateral kills)
  2 dart slugs
  4 ball pythons
  A bat (D:2)
  4 endoplasms
  4 goblins
  A hobgoblin (D:3)
  3 quokkas
  2 frilled lizards
  A kobold (D:2)
  2 rats
24 creatures vanquished.

Grand Total: 37 creatures vanquished

Notes
Turn   | Place    | Note
-------+----------+-------------------------------------------
     0 | D:1      | jimonade the Gnoll Wanderer began the quest for the Orb.
     0 | D:1      | jimonade set off with the following items: a +0 dagger, a
                  | +0 robe, a +0 cloak; and the following spells available to
                  | memorise: Animate Skeleton, Summon Small Mammal, Call
                  | Canine Familiar, Vampiric Draining, Summon Guardian Golem
     0 | D:1      | Reached XP level 1. HP: 13/13 MP: 4/4
     2 | D:1      | Learned a level 1 spell: Summon Small Mammal
   213 | D:1      | Reached XP level 2. HP: 15/19 MP: 2/5
   735 | D:2      | Reached XP level 3. HP: 25/25 MP: 4/7
   754 | D:2      | Learned a level 3 spell: Call Canine Familiar
  1643 | D:3      | Reached skill level 1 in Invocations
  2180 | D:3      | Found a shadowy altar of Dithmenos.
  2212 | D:3      | Reached skill level 1 in Fighting
  2212 | D:3      | Reached skill level 1 in Short Blades
  2212 | D:3      | Reached skill level 1 in Long Blades
  2212 | D:3      | Reached skill level 1 in Axes
  2212 | D:3      | Reached skill level 1 in Maces & Flails
  2212 | D:3      | Reached skill level 1 in Polearms
  2212 | D:3      | Reached skill level 1 in Staves
  2212 | D:3      | Reached skill level 1 in Slings
  2212 | D:3      | Reached skill level 1 in Bows
  2212 | D:3      | Reached skill level 1 in Crossbows
  2212 | D:3      | Reached skill level 1 in Throwing
  2212 | D:3      | Reached skill level 1 in Armour
  2212 | D:3      | Reached skill level 1 in Stealth
  2212 | D:3      | Reached skill level 1 in Shields
  2212 | D:3      | Reached skill level 1 in Unarmed Combat
  2212 | D:3      | Reached skill level 1 in Evocations
  2286 | D:3      | HP: 1/26 [orc/bolt of acid (25)]
  2773 | D:3      | Noticed an ogre
  2789 | D:3      | Slain by an ogre

Illustrated notes

Levels and vault maps discovered:
D:1:      dpeg_arrival_snail, layout_basic, serial_shops,
          nicolae_shop_window_shopping, amcnicky_mini_corridor_feature,
          st_stairs_4, chequers_serial_rivers_micro_e
D:2:      layout_loops_ring
D:3:      layout_basic, grunt_temple_overflow_opulence,
          nicolae_dithmenos_the_darkroom

Skill      XL: |  1  2  3 |
---------------+----------+-----
Invocations    | 1 |  1.0
Fighting       | 1 |  1.0
Short Blades   | 1 |  1.0
Long Blades    | 1 |  1.0
Axes           | 1 |  1.0
Maces & Flails | 1 |  1.0
Polearms       | 1 |  1.0
Staves         | 1 |  1.0
Slings         | 1 |  1.0
Bows           | 1 |  1.0
Crossbows      | 1 |  1.0
Throwing       | 1 |  1.0
Armour         | 1 |  1.0
Stealth        | 1 |  1.0
Shields        | 1 |  1.0
Unarmed Combat | 1 |  1.0
Evocations     | 1 |  1.0
Dodging        | |  6.5
Spellcasting   | |  2.9
Conjurations   | |  0.7
Hexes          | |  0.7
Summonings     | |  5.4
Necromancy     | |  5.4
Translocations | |  0.7
Transmutations | |  0.7
Fire Magic     | |  0.7
Ice Magic      | |  0.7
Air Magic      | |  0.7
Earth Magic    | |  0.7
Poison Magic   | |  0.7

Action                   || total
-------------------------++-------
Melee: Dagger            ||    89
       Bite              ||     7
       Punch             ||     1
 Cast: Summon Small Mamm ||    28
       Call Canine Famil ||    12
Armor: Robe              ||    27
Dodge: Dodged            ||    79
